 Dungeon Crawl Stone Soup version 0.25-a0-38-g099c3e1 (webtiles) character file.

Game seed: 8379785699033122276, levelgen mode: deterministic

287 vhaine the Poker (level 6, -7/51 HPs)
             Began as a Minotaur Fighter on Oct 20, 2019.
             Mangled by an ogre
             ... wielding a +0 giant club
              (21 damage)
             ... on level 4 of the Dungeon.
             The game lasted 00:09:08 (3694 turns).

vhaine the Poker (Minotaur Fighter)                 Turns: 3694, Time: 00:09:08

Health: -7/51      AC: 13    Str: 20    XL:     6   Next: 8%
Magic:  5/5        EV:  3    Int:  7    God:
Gold:   234        SH:  0    Dex: 10    Spells: 5/5 levels left

rFire    . . .     SeeInvis .   a - +0 trident
rCold    . . .     Gourm    .   c - +0 shield
rNeg     . . .     Faith    .   v - +0 plate armour
rPois    .         Spirit   .   (helmet restricted)
rElec    .         Reflect  .   (no cloak)
rCorr    .         Harm     .   u - +0 pair of gloves
MR       .....                  o - +0 pair of boots
Stlth    ..........             t - amulet of magic regeneration
HPRegen  0.17/turn              (no ring)
MPRegen  0.34/turn              (no ring)

@: confused
A: retaliatory headbutt, horns 2
a: no special abilities


You were on level 4 of the Dungeon.
You were not hungry.

You visited 1 branch of the dungeon, and saw 4 of its levels.

You collected 234 gold pieces.

Inventory:

Hand Weapons
 a - a +0 trident (weapon)
 r - a +0 glaive
Armour
 b - a +0 scale mail
 c - a +0 shield (worn)
 o - a +0 pair of boots (worn)
 u - a +0 pair of gloves (worn)
 v - a +0 plate armour (worn)
Jewellery
 g - an uncursed amulet of faith
 q - an uncursed ring of positive energy {unknown}
 t - an amulet of magic regeneration (around neck)
 x - a +6 ring of protection
Wands
 w - a wand of random effects (8)
Scrolls
 e - 6 scrolls of fear {unknown}
 k - a scroll of remove curse {unknown}
 l - 4 scrolls of identify {unknown}
 m - 3 scrolls of teleportation {unknown}
 n - 3 scrolls of enchant weapon {unknown}
 p - a scroll of fog {unknown}
Potions
 d - a potion of might
 h - a potion of cancellation {unknown}
 i - a potion of magic {unknown}
 j - a potion of heal wounds {unknown}
 s - 2 potions of curing {unknown}
 z - a potion of mutation {unknown}
Comestibles
 f - 5 rations
 A - a chunk of flesh


   Skills:
 - Level 3.6 Fighting
 + Level 7.8 Polearms
 - Level 3.6 Armour
 - Level 3.6 Shields


You had 5 spell levels left.
You didn't know any spells.
Your spell library was empty.

Dungeon Overview and Level Annotations

Branches:
Dungeon (4/15)
 Temple: D:4-7

Altars:
Ashenzari
Cheibriados
Makhleb
Okawaru
Uskayaw
Wu Jian
Yredelemnul
The Shining One


Innate Abilities, Weirdness & Mutations

You reflexively headbutt those who attack you in melee.
You have a pair of horns on your head.


Message History

Press: ? - help, Dir - move target cursor, f - ogre
Aim: an ogre, wielding a +0 giant club You reach to attack!
Your plate armour prevents you from hitting the ogre.
You hit the ogre but do no damage. The ogre hits you with a +0 giant club!
An orc wizard comes into view. It is wielding a +0 dagger.
Your shield and plate armour prevent you from hitting the ogre.
The orc wizard shouts!
You headbutt the ogre, but do no damage.
The ogre hits you with a +0 giant club!!
* * * LOW HITPOINT WARNING * * *
The ogre barely misses you.
The orc wizard gestures at you while chanting.
The magic dart hits you but does no damage.
The orc wizard casts a spell at you. You resist with some effort.
The orc wizard casts a spell at you.
You are confused.
The ogre hits you with a +0 giant club!!
You die...

#.......#....##.#.#
#.......#....##.#.#
#.....o......##.#.#########
.....$........†...............
########'##..#.......#########
#....#.........###.###########
#.##.#.#.###...#..............
#.##.#......#.o#.#.###......##
#.##.########@O#.#.# #........
#.##...........#.#.# #......##
###.#.......####..^#.# #......#
#............÷.....#.###......#
#####.############...........(#
#####...#########
#............#
§.§.#..÷#.○.○.§##
#.)..........#
....'...'...._.#A
#.............#
§.§.#...#.§.§.§##
##..####.####.#


You could see an ogre, an orc wizard and an orc.

Vanquished Creatures
  An ogre (D:4)
  An orc priest (D:3)
  An iguana (D:3)
  3 gnolls (D:3)
  5 adders
  2 worms
  A dart slug (D:3)
  A leopard gecko (D:4)
  8 orcs (D:3)
  A ball python (D:2)
  6 giant cockroaches
  3 hobgoblins
  2 jackals (D:3)
  A quokka (D:3)
  8 bats
  6 frilled lizards
  8 goblins
  4 kobolds
  7 rats
69 creatures vanquished.

Notes
Turn   | Place    | Note
-------+----------+-------------------------------------------
     0 | D:1      | vhaine the Minotaur Fighter began the quest for the Orb.
     0 | D:1      | Reached XP level 1. HP: 19/19 MP: 0/0
    97 | D:1      | Reached skill level 3 in Polearms
   270 | D:1      | Reached XP level 2. HP: 24/26 MP: 1/1
   983 | D:2      | Found a hide-covered altar of Uskayaw.
   992 | D:2      | Reached skill level 4 in Polearms
  1009 | D:2      | Reached XP level 3. HP: 31/31 MP: 2/2
  1540 | D:2      | Found an ornate altar of the Wu Jian Council.
  1737 | D:3      | Found a snail-covered altar of Cheibriados.
  1738 | D:3      | Found an iron altar of Okawaru.
  2072 | D:3      | Reached skill level 5 in Polearms
  2156 | D:3      | Reached XP level 4. HP: 15/39 MP: 3/3
  2619 | D:3      | Reached skill level 6 in Polearms
  2663 | D:3      | Reached XP level 5. HP: 26/45 MP: 4/4
  2909 | D:3      | Found a shattered altar of Ashenzari.
  3014 | D:3      | Found a burning altar of Makhleb.
  3392 | D:4      | Noticed an ogre
  3397 | D:4      | Killed an ogre
  3397 | D:4      | Reached skill level 7 in Polearms
  3397 | D:4      | Reached XP level 6. HP: 51/51 MP: 5/5
  3401 | D:4      | Found a glowing golden altar of the Shining One.
  3404 | D:4      | Found a basalt altar of Yredelemnul.
  3413 | D:4      | Noticed an angel
  3591 | D:4      | Noticed a profane servitor
  3694 | D:4      | Mangled by an ogre

Levels and vault maps discovered:
D:1:      lemuel_arrival_funnel, layout_basic, chequers_serial_rivers_room_a,
          st_stairs_10
D:2:      layout_loops_corners, lemuel_crystal_altar,
          nicolae_overflow_crystal_walls, minmay_tetromino_i2
D:3:      layout_basic, gammafunk_temple_overflow_pools,
          grunt_temple_overflow_open, serial_bayou_ford_a
D:4:      layout_basic, grunt_temple_overflow_holy_war, old_standard_altar,
          grunt_gozag_breadcrumbs, serial_shops, shop_fountains,
          nicolae_qazlal_style_of_elements

Skill      XL: |  1  2  3  4  5 |
---------------+----------------+-----
Polearms       | 3 4 5 6 7 |  7.8
Fighting       | |  3.6
Armour         | |  3.6
Shields        | |  3.6

Action                   |  1- 3 |  4- 6 || total
-------------------------+-------+-------++-------
Melee: Trident           |   112 |    91 ||   203
       Headbutt          |    12 |    12 ||    24
 Stab: Distracted        |       |     1 ||     1
  Eat: Chunk             |     4 |     5 ||     9
Armor: Scale mail        |    25 |    13 ||    38
       Plate armour      |       |     7 ||     7
Dodge: Dodged            |    19 |    11 ||    30
Block: Shield            |    37 |    24 ||    61

Table legend:
 A = Non-vault XP
 B = Vault XP
 C = Vault XP percentage of total XP
 D = Non-vault monster count
 E = Vault monster count
 F = Vault count percentage of total count
                 A         B        C        D         E       F
            +---------+---------+-------+---------+---------+-------
      Total |     407 |       4 |   1.0 |      66 |       3 |   4.3
            +---------+---------+-------+---------+---------+-------
        D:1 |      16 |       4 |  20.0 |      13 |       3 |  18.8
        D:2 |      57 |       0 |   0.0 |      18 |       0 |   0.0
        D:3 |     198 |       0 |   0.0 |      30 |       0 |   0.0
        D:4 |     136 |       0 |   0.0 |       5 |       0 |   0.0
            +---------+---------+-------+---------+---------+-------
